 Dungeon Crawl Stone Soup version 0.19-a0-1619-gaef71b8 (webtiles) character file.

96636 AlphabetPasta the Spry (level 15, -5/79 HPs)
             Began as a Felid Berserker on Sept 17, 2016.
             Was the Champion of Trog.
             Slain by a six-headed hydra (15 damage)
             ... on level 4 of the Swamp.
             The game lasted 03:34:40 (39877 turns).

AlphabetPasta the Spry (Felid Berserker)           Turns: 39877, Time: 03:34:41

Health: -5/79      AC:  3    Str: 18    XL:     15   Next: 69%
Magic:  0/26       EV: 21    Int:  9    God:    Trog [******]
Gold:   867        SH:  0    Dex: 17    Spells: 0 memorised, 14 levels left
                                        Lives:  0   Deaths: 4

rFire  . . .     SeeInvis +       - Unarmed
rCold  + + +     Gourm    .     (armour unavailable)
rNeg   . . .     Faith    .     (shield unavailable)
rPois  +         Spirit   +     (helmet unavailable)
rElec  +         Dismiss  .     (cloak unavailable)
rCorr  .         Reflect  .     (gloves unavailable)
MR     +++..     Harm     .     (boots unavailable)
Stlth  ++++++++..               L - amulet of guardian spirit
                                R - ring of poison resistance
                                t - ring "Luloihut" {+Fly rElec rC+++ MR- Slay+6}

@: lethally poisoned (-5 -> -5), grasped by roots, regenerating, slow
A: no armour, no weapons or thrown items, claws 1, fangs 3, see invisible,
carnivore 3, speed 1, shaggy fur 3, slow metabolism 1, sharp paws
a: Berserk, Trog's Hand, Brothers in Arms, Burn Spellbooks, Renounce Religion,
Evoke Flight


You were on level 4 of the Swamp.
You worshipped Trog.
Trog was exalted by your worship.
You were not hungry.

You visited 5 branches of the dungeon, and saw 30 of its levels.
You visited 1 bazaar.
You also visited: Labyrinth.

You collected 2931 gold pieces.
You spent 2064 gold pieces at shops.

Inventory:

Jewellery
 e - an uncursed ring of flight
 s - a +4 ring of dexterity
 t - the ring "Luloihut" (left paw) {+Fly rElec rC+++ MR- Slay+6}
   (You found it on level 2 of the Swamp)

   [ring of flight]

   It affects your accuracy and damage with ranged weapons and melee attacks
   (+6).
   It renders you almost immune to cold.
   It insulates you from electricity.
   It affects your resistance to hostile enchantments.
   It lets you fly.
 J - an uncursed ring of ice
 K - an uncursed ring of protection from magic
 L - an amulet of guardian spirit (around neck)
 M - an uncursed ring of fire
 R - a ring of poison resistance (right paw)
Wands
 d - a wand of digging (10/24)
 g - a wand of disintegration (7/24)
 p - a wand of enslavement (13/24)
 q - a wand of disintegration (12/24)
 r - a wand of iceblast (11/15)
 y - a wand of lightning (10/15)
 F - a wand of flame (22/48)
 H - a wand of hasting (7/9)
 N - a wand of flame (4/48)
 O - a wand of confusion (5/48)
 P - a wand of disintegration (16/24)
 T - a wand of flame (42/48)
 U - a wand of confusion (14/48)
 V - a wand of enslavement (8/24)
 X - a wand of acid (14/15)
 Y - a wand of polymorph (11/24)
 Z - a wand of lightning (3/15)
Scrolls
 c - 13 scrolls of remove curse
 h - 3 scrolls of blinking
 k - 8 scrolls of identify
 l - 9 scrolls of teleportation
 n - 3 scrolls of recharging
 w - 2 scrolls of magic mapping
 C - a scroll of holy word
 D - 2 scrolls of summoning
 G - 2 scrolls of fog
Potions
 b - 4 potions of haste
 f - 2 potions of cancellation
 i - 3 potions of cure mutation
 m - 4 potions of ambrosia
 o - 3 potions of invisibility
 u - 7 potions of curing
 x - 5 potions of agility
 A - a potion of magic
 E - 5 potions of might
 I - 8 potions of flight
 S - 2 potions of resistance
Miscellaneous
 Q - a sack of spiders
 W - a phantom mirror
Comestibles
 a - 14 meat rations
 j - 3 royal jellies
 v - 13 beef jerkies


   Skills:
 * Level 16.3 Fighting
 + Level 16.6 Dodging
 - Level 15.7 Stealth
 * Level 16.5 Unarmed Combat
 + Level 13.6 Evocations


You had 14 spell levels left.
You didn't know any spells.

Dungeon Overview and Level Annotations

Branches:
Dungeon (15/15)            Temple (0/1) D:7            Lair (6/6) D:9
  Swamp (4/4) Lair:3        Snake (3/4) Lair:3        Slime (0/5) Lair:6
    Orc (2/2) D:12            Elf (0/3) Orc:2        Vaults (0/5) D:13
 Depths (0/5) D:15

Altars:
Cheibriados
Dithmenos
Hepliaklqana
Okawaru
Qazlal
Trog
Uskayaw
The Shining One
Beogh

Shops:
D:6 }*(}   D:9 !*!   D:10 *   D:11 ?   D:14 ??!*   Orc:2 *(}(   Snake:1 =}=

Portals:
Trove: D:15 (show slimy rune of Zot)


Innate Abilities, Weirdness & Mutations

You cannot wear armour.
You are incapable of wielding weapons or throwing items.
You have sharp claws.
You have razor-sharp teeth.
You have supernaturally acute eyesight. (SInv)
You are carnivorous and can eat meat at any time.
You cover ground quickly.
Your thick and shaggy fur keeps you warm. (AC +3, rC+)
You have a slow metabolism.
Your sharp claws are effective at attacking unaware monsters.


Message History

The wasp closely misses you. The shambling mangrove misses you.
The swamp dragon bites you.
* * * LOW HITPOINT WARNING * * *
The swamp dragon barely misses you. The swamp dragon tramples you!
* * * LOW HITPOINT WARNING * * *
You hold your ground!
You feel much better.
You feel yourself speed up. The wasp completely misses you.
The wasp barely misses you. The wasp closely misses you.
Your iron troll bites the swamp dragon!!
The swamp dragon dies!
Trog accepts your kill.
The shambling mangrove barely misses you.
The six-headed hydra bites you!
* * * LOW HITPOINT WARNING * * *
The six-headed hydra misses you. The six-headed hydra bites you!
* * * LOW HITPOINT WARNING * * *
The six-headed hydra bites you!
You die...

≈≈≈≈≈≈.♣♣≈≈≈≈≈≈≈.....≈♣♣♣♣♣.♣§...
≈≈≈≈≈≈≈.≈♣...≈.≈♣♣≈..♣♣ ♣♣♣≈.≈≈
≈≈≈≈≈≈≈≈≈♣♣♣♣♣..≈♣♣♣♣♣ ♣♣.♣.≈..
...♣≈.≈≈.♣ ♣≈♣♣♣ ♣.≈≈.≈.≈
♣♣♣♣..≈≈♣♣ ♣♣♣ ♣♣≈≈†≈≈♣
.♣♣..≈§≈♣♣♣ ##### ♣♣.≈≈≈♣
.≈♣♣§≈....♣ #♣T≈y♣##♣.♣# ♣.≈≈≈..
≈..≈≈.≈≈≈♣♣ #.≈†Dy..≈..$ ♣♣.≈§≈≈.
≈≈≈..≈≈≈♣♣ #≈.#@fy≈..≈) ♣≈..≈...
≈≈≈≈.≈≈♣♣ ##.#####..≈$. ♣...≈§.≈
≈≈≈≈≈♣♣♣ ##≈....## ≈..# ♣♣....≈.
.≈≈≈.♣♣♣♣ #≈...≈§.## ♣# ♣♣...≈..
.≈≈≈.♣≈.♣#..≈.###.≈## ♣.≈.....
≈≈≈≈..♣♣♣#.D### ##≈.## ♣♣≈..≈...
≈≈≈≈≈.♣♣ #.≈ ##.≈###♣≈≈......
≈≈≈≈...♣ #≈. #≈...≈...≈....≈
≈≈§..≈≈♣ #♣≈ #♣..≈≈≈..≈.≈.:.


You could see a shambling mangrove, a six-headed hydra, 3 wasps and a friendly
iron troll (berserk).

Vanquished Creatures
  5 thorn hunters
  A greater naga (Snake:2)
  A frost giant (D:15)
  An orc warlord (Orc:1)
  Louise (D:15)
  A stone giant (Orc:2)
  An ettin (Orc:2)
  2 minotaurs
  Snorg (Lair:4)
  2 fire dragons
  Josephine (Orc:1)
  5 naga warriors
  24 hydras
  A catoblepas (D:15)
  5 centaur warriors
  A vault guard (D:13)
  A ghost crab (Swamp:1)
  2 anacondas
  A death knight (D:15)
  4 ogre magi (Orc:2)
  2 alligators (Swamp:2)
  4 shock serpents
  A tengu warrior (D:13)
  5 naga sharpshooters
  Urug (D:10)
  5 spriggans
  An unseen horror (shapeshifter) (D:15)
  A spriggan druid (Swamp:4)
  5 swamp dragons
  A salamander mystic (Snake:2)
  2 unseen horrors (D:15)
  3 naga ritualists (Snake:2)
  2 hill giants
  A wizard (D:13)
  3 shambling mangroves
  3 orc knights
  Pikel (D:6)
  A necromancer (D:15)
  2 deep elf magi
  4 mana vipers (Snake:2)
  An orc sorcerer (Orc:2)
  7 ugly things
  An oklob plant (Lair:3)
  2 wolf spiders (Lair:6)
  15 slime creatures
  7 salamanders
  5 cyclopes
  3 hornets
  23 black mambas
  2 manticores
  12 elephants
  4 naga magi
  Joseph (Lair:1)
  A guardian serpent (Lair:6)
  A torpor snail (Lair:3)
  A centaur zombie (D:15)
  20 spiny frogs
  4 rime drakes
  An efreet (D:13)
  9 komodo dragons
  2 freezing wraiths (D:15)
  2 yaktaurs (D:15)
  A tengu conjurer (D:13)
  8 trolls
  The ghost of Ryco the Cleaver, an amateur MiFi of Cheibriados (D:7)
  A polar bear (Lair:4)
  A wolf spider simulacrum (D:15)
  16 two-headed ogres
  15 blink frogs
  10 tyrant leeches
  2 dream sheep (Lair:3)
  10 bog bodies
  9 hippogriffs
  A centaur simulacrum (D:14)
  6 wraiths
  4 shadows
  11 wyverns
  6 basilisks
  21 yaks
  The ghost of JamPaladin the Cudgeler, an amateur FoFi of Okawaru (D:4)
  15 vampire mosquitoes
  3 steam dragons
  3 mottled dragons
  5 wargs
  14 insubstantial wisps
  A soldier ant (D:13)
  10 swamp worms
  25 nagas
  13 water moccasins
  A slave (D:6)
  15 swamp drakes
  A meliai simulacrum (D:15)
  8 porcupines
  A phantom (D:10)
  22 orc warriors
  4 black bears
  5 sky beasts
  35 ogres
  5 ice beasts
  2 necrophages
  2 eyes of draining
  20 wasps
  29 centaurs
  11 crocodiles
  11 bullfrogs
  A water moccasin zombie (D:6)
  A wyvern skeleton (D:10)
  2 scorpions
  8 wights
  14 killer bees
  3 howler monkeys (D:8)
  7 crimson imps
  2 quasits
  6 centaur skeletons
  9 hounds
  12 jellies
  2 bullfrog zombies (D:12)
  16 orc priests
  2 bullfrog skeletons (D:4)
  23 orc wizards
  12 iguanas
  15 worker ants
  A howler monkey zombie (D:7)
  7 gnolls (D:8)
  22 adders
  38 river rats
  2 shadow imps (D:8)
  12 oozes (Lair:3)
  4 worms
  6 dart slugs
  3 leopard geckos
  75 orcs
  10 giant cockroaches
  8 goblins
  6 hobgoblins
  14 jackals
  6 kobolds
  3 quokkas
  3 ball pythons (D:4)
  5 bats
  7 frilled lizards
  A jackal skeleton (D:8)
  A leopard gecko skeleton (D:9)
  A leopard gecko zombie (D:5)
  7 rats
995 creatures vanquished.

Vanquished Creatures (collateral kills)
  2 vault guards (D:13)
  2 hydras (Swamp:4)
  2 anacondas (Snake:2)
  2 naga ritualists (Snake:2)
  A swamp dragon (Swamp:4)
  3 mana vipers (Snake:2)
  An orc sorcerer (D:13)
  An ugly thing (D:12)
  An orc knight (D:13)
  A black mamba (Lair:1)
  A gargoyle (D:13)
  A spiny frog (Lair:1)
  A rime drake (Lair:6)
  2 komodo dragons
  A bog body (Swamp:4)
  A blink frog (Lair:1)
  A human (D:13)
  A water moccasin (Lair:1)
  2 swamp drakes
  A centaur (D:9)
  2 crocodiles (Lair:6)
  A howler monkey (D:9)
  A jelly (D:9)
32 creatures vanquished.

Vanquished Creatures (others)
  A hill giant (D:14)
  8 fungi
  7 plants (Lair:6)
16 creatures vanquished.

Grand Total: 1043 creatures vanquished

Notes
Turn   | Place    | Note
-------+----------+-------------------------------------------
     0 | D:1      | AlphabetPasta the Felid Berserker began the quest for the Orb.
     0 | D:1      | Reached XP level 1. HP: 10/10 MP: 2/2
    67 | D:1      | Reached skill level 1 in Stealth
   184 | D:1      | Reached XP level 2. HP: 14/14 MP: 3/3
  1190 | D:2      | Found a bloodstained altar of Trog.
  1196 | D:2      | Reached ** piety under Trog
  1196 | D:2      | Reached XP level 3. HP: 15/17 MP: 4/4
  1770 | D:2      | Found a snail-covered altar of Cheibriados.
  2094 | D:3      | Reached XP level 4. HP: 18/21 MP: 5/5
  2905 | D:4      | Found a hazy altar of Hepliaklqana.
  3381 | D:4      | Noticed JamPaladin's ghost (amateur FoFi)
  3402 | D:4      | Killed JamPaladin's ghost
  3402 | D:4      | Reached skill level 5 in Dodging
  3402 | D:4      | Reached skill level 1 in Evocations
  3402 | D:4      | Reached XP level 5. HP: 24/25 MP: 5/7
  3452 | D:4      | Gained mutation: You are covered in thick fur. (AC +2) [Felid growth]
  3452 | D:4      | Reached XP level 6. HP: 12/28 MP: 8/8
  3728 | D:4      | Reached *** piety under Trog
  3796 | D:4      | Found an iron altar of Okawaru.
  3857 | D:4      | Reached skill level 5 in Stealth
  3940 | D:4      | Found a shadowy altar of Dithmenos.
  4029 | D:4      | Reached XP level 7. HP: 33/33 MP: 9/9
  4169 | D:5      | Entered Level 5 of the Dungeon
  4679 | D:5      | Found a glowing golden altar of the Shining One.
  4682 | D:5      | Reached skill level 5 in Fighting
  4741 | D:6      | Found Bejo Leo's Antique Weapon Shoppe.
  4880 | D:6      | Found Aserr's Gadget Boutique.
  4901 | D:6      | Found a hide-covered altar of Uskayaw.
  4985 | D:6      | Found Ciuf's General Store.
  4990 | D:6      | Bought a potion of curing for 36 gold pieces
  5058 | D:6      | Found Raorrac's Gadget Shoppe.
  5064 | D:6      | Reached skill level 5 in Unarmed Combat
  5093 | D:6      | Noticed Pikel
  5140 | D:6      | Reached XP level 8. HP: 37/37 MP: 11/11
  5223 | D:6      | Killed Pikel
  5378 | D:6      | Reached **** piety under Trog
  5718 | D:6      | You fall through a shaft for 2 floors!
  5935 | D:6      | Reached XP level 9. HP: 21/41 MP: 13/13
  5939 | D:6      | Reached skill level 5 in Evocations
  6146 | D:6      | Found a stormy altar of Qazlal.
  6459 | D:7      | Found a staircase to the Ecumenical Temple.
  6630 | D:7      | Noticed Ryco's ghost (amateur MiFi)
  6849 | D:7      | Killed Ryco's ghost
  6978 | D:7      | Upgraded the game from 0.19-a0-1605-g8d78996 to 0.19-a0-1608-g4cf22de
  7794 | D:8      | Reached ***** piety under Trog
  7812 | D:8      | Reached XP level 10. HP: 16/47 MP: 15/15
  8245 | D:9      | Found Muukogr Bamm's Assorted Antiques.
  8265 | D:9      | Bought 3 scrolls of identify for 138 gold pieces
  8268 | D:9      | Bought a scroll of identify for 46 gold pieces
  8301 | D:9      | Found a staircase to the Lair.
  8484 | Lair:1   | Entered Level 1 of the Lair of Beasts
  8494 | Lair:1   | Noticed a four-headed hydra
  8497 | Lair:1   | Noticed a black mamba
  8514 | Lair:1   | Noticed a spiny frog
  8582 | Lair:1   | Slain by a crocodile
  8583 | Lair:1   | Reached XP level 9. HP: -3/43 MP: 15/15
  8728 | Lair:1   | Reached skill level 10 in Dodging
  8740 | Lair:1   | Killed a spiny frog
  8740 | Lair:1   | Reached skill level 10 in Stealth
  8742 | Lair:1   | Killed a komodo dragon
  8766 | Lair:1   | Noticed a black mamba
  8815 | Lair:1   | a black mamba changed into a blink frog
  8817 | Lair:1   | Mangled by a blink frog
  8818 | Lair:1   | Reached XP level 8. HP: -6/40 MP: 14/14
  8818 | Lair:1   | Noticed Joseph
  8870 | Lair:1   | Killed a black mamba
  8873 | Lair:1   | Killed Joseph
  8873 | Lair:1   | Reached XP level 9. HP: 44/44 MP: 15/15
  8876 | Lair:1   | Killed a four-headed hydra
  9239 | D:9      | Found Puzapif's Distillery.
  9249 | D:9      | Bought a potion of invisibility for 88 gold pieces
  9249 | D:9      | Bought a potion of curing for 33 gold pieces
  9431 | D:9      | Noticed a troll
  9441 | D:9      | Killed a troll
  9563 | D:9      | Reached XP level 10. HP: 36/48 MP: 15/17
  9587 | D:9      | Found Reacluwn's Distillery.
  9604 | D:9      | Bought a potion of agility for 56 gold pieces
  9604 | D:9      | Bought a potion of heal wounds for 70 gold pieces
  9703 | D:10     | Entered Level 10 of the Dungeon
  9711 | D:10     | Found Asisaa's General Store.
  9728 | D:10     | Bought a potion of heal wounds for 60 gold pieces
  9925 | D:10     | Noticed Urug
  9936 | D:10     | Killed Urug
 11246 | D:11     | Found Icvusi's Magic Scroll Emporium.
 11250 | D:11     | Bought a scroll of identify for 32 gold pieces
 11250 | D:11     | Bought a scroll of identify for 32 gold pieces
 11250 | D:11     | Bought a scroll of identify for 32 gold pieces
 11446 | D:11     | Noticed a hill giant
 11453 | D:11     | Killed a hill giant
 11530 | D:12     | Noticed a brown ugly thing
 11536 | D:12     | Killed a brown ugly thing
 11879 | D:12     | Noticed a hill giant
 11883 | D:12     | Killed a hill giant
 11883 | D:12     | Reached XP level 11. HP: 53/53 MP: 18/18
 12230 | D:12     | Found a staircase to the Orcish Mines.
 12794 | D:12     | Noticed a purple ugly thing
 12797 | D:12     | Noticed a green ugly thing
 12832 | D:12     | Killed a green ugly thing
 12835 | D:12     | Killed a purple ugly thing
 13551 | Lair:2   | Reached skill level 10 in Unarmed Combat
 14505 | Lair:3   | Noticed a four-headed hydra
 14512 | Lair:3   | Killed a four-headed hydra
 14512 | Lair:3   | Reached skill level 10 in Fighting
 14544 | Lair:3   | Found a staircase to the Swamp.
 14613 | Lair:3   | Found a staircase to the Snake Pit.
 14690 | Lair:3   | Gained mutation: Your thick and shaggy fur keeps you warm. (AC +3, rC+) [Felid growth]
 14690 | Lair:3   | Reached XP level 12. HP: 58/58 MP: 20/20
 14701 | Lair:3   | Reached ****** piety under Trog
 15331 | Snake:1  | Entered Level 1 of the Snake Pit
 15339 | Lair:3   | HP: 2/59 [poisoned by a naga mage (splash of poison)]
 15344 | Lair:3   | HP: 2/59 [poisoned by a naga mage (splash of poison)]
 16566 | Lair:4   | Reached skill level 10 in Evocations
 17309 | Lair:4   | Noticed Snorg
 17316 | Lair:4   | Killed Snorg
 17459 | Lair:4   | Noticed a five-headed hydra
 17485 | Lair:4   | Killed a five-headed hydra
 17866 | Lair:4   | Reached XP level 13. HP: 57/63 MP: 21/21
 18804 | Lair:6   | Entered Level 6 of the Lair of Beasts
 18877 | Lair:6   | Found a labyrinth entrance.
 18900 | Lab      | Entered a labyrinth
 19567 | Lab      | Noticed a minotaur
 19570 | Lab      | Killed a minotaur
 19573 | Lab      | Got a faintly glowing arbalest
 19573 | Lab      | Got an agate-encrusted chain mail
 20355 | Lair:6   | Found a staircase to the Slime Pits.
 20836 | Lair:6   | Noticed a fire dragon
 20847 | Lair:6   | Killed a fire dragon
 20879 | Lair:6   | Upgraded the game from 0.19-a0-1608-g4cf22de to 0.19-a0-1618-g886f814
 21435 | Orc:1    | Entered Level 1 of the Orcish Mines
 21808 | Orc:2    | Entered Level 2 of the Orcish Mines
 21937 | Orc:2    | Found a roughly hewn altar of Beogh.
 22021 | Orc:2    | Found a staircase to the Elven Halls.
 22079 | Orc:2    | Reached XP level 14. HP: 69/69 MP: 23/23
 22110 | Orc:1    | Noticed Josephine
 22216 | Orc:1    | Killed Josephine
 22495 | Orc:2    | Noticed an orc warlord
 22758 | Orc:1    | Killed an orc warlord
 23845 | Orc:2    | Found Meelehae's Antique Weapon Emporium.
 23845 | Orc:2    | Found Iphuttai's Weapon Boutique.
 23846 | Orc:2    | Found Ewiuni's Gadget Boutique.
 23846 | Orc:2    | Found Kuubav's Assorted Antiques.
 23855 | Orc:2    | Bought a potion of curing for 93 gold pieces
 23876 | Orc:2    | Noticed a stone giant
 23893 | Orc:2    | Killed a stone giant
 25039 | D:13     | Reached skill level 15 in Stealth
 25243 | D:13     | Found a gate to the Vaults.
 25719 | D:13     | Upgraded the game from 0.19-a0-1618-g886f814 to 0.19-a0-1619-gaef71b8
 25720 | D:14     | Found Nenoeg's Distillery.
 25745 | D:14     | Found Gaceq's Magic Scroll Boutique.
 25916 | D:14     | Found Araenaa's General Store.
 26137 | D:14     | Found a flickering gateway to a bazaar.
 26149 | Bazaar   | Entered a bazaar
 26149 | Bazaar   | Found Ciecw's Distillery.
 26149 | Bazaar   | Found Vipecing's Food Emporium.
 26150 | Bazaar   | Found Xyse's General Store.
 26150 | Bazaar   | Found Viesilli's Weapon Shoppe.
 26152 | Bazaar   | Bought a potion of heal wounds for 40 gold pieces
 26152 | Bazaar   | Bought a potion of invisibility for 64 gold pieces
 26152 | Bazaar   | Bought 2 potions of haste for 160 gold pieces
 26166 | Bazaar   | Bought a scroll of identify for 30 gold pieces
 26172 | Bazaar   | Bought a potion of curing for 24 gold pieces
 26172 | Bazaar   | Bought a potion of curing for 24 gold pieces
 26279 | D:14     | Found Syramoul's Magic Scroll Boutique.
 26282 | D:14     | Bought a scroll of magic mapping for 59 gold pieces
 26282 | D:14     | Bought a scroll of identify for 34 gold pieces
 26358 | D:14     | Bought a potion of heal wounds for 55 gold pieces
 26358 | D:14     | Bought 2 potions of curing for 66 gold pieces
 26358 | D:14     | Bought a potion of might for 44 gold pieces
 26358 | D:14     | Bought a potion of invisibility for 88 gold pieces
 26358 | D:14     | Bought a potion of curing for 33 gold pieces
 26407 | D:14     | Bought a scroll of blinking for 135 gold pieces
 26407 | D:14     | Bought 2 scrolls of identify for 72 gold pieces
 26735 | D:14     | Bought a scroll of teleportation for 48 gold pieces
 26735 | D:14     | Bought a scroll of fog for 32 gold pieces
 26799 | D:15     | Entered Level 15 of the Dungeon
 26987 | D:15     | Reached XP level 15. HP: 75/75 MP: 24/24
 27205 | D:15     | Noticed Louise
 27206 | D:15     | HP: 4/112 [yaktaur/bolt (31)]
 27355 | D:15     | Killed Louise
 27501 | D:15     | Noticed a frost giant
 27517 | D:15     | Killed a frost giant
 28010 | D:15     | Found a staircase to the Depths.
 28691 | D:15     | Found a portal to a secret trove of treasure.
 28794 | D:15     | Reached skill level 15 in Dodging
 30212 | Snake:1  | Found Uzavuim's Jewellery Shoppe.
 30213 | Snake:1  | Found Taeted's Gadget Shop.
 30215 | Snake:1  | Found Wirouniun's Jewellery Shoppe.
 30224 | Snake:1  | Bought an uncursed ring of poison resistance for 340 gold pieces
 31953 | Snake:2  | Reached skill level 15 in Unarmed Combat
 32282 | Snake:2  | Noticed a greater naga
 32294 | Snake:2  | Killed a greater naga
 32294 | Snake:2  | Reached XP level 16. HP: 80/80 MP: 26/26
 33000 | Snake:2  | Reached skill level 15 in Fighting
 33693 | Snake:2  | Slain by a mana viper
 33694 | Snake:2  | Reached XP level 15. HP: -4/77 MP: 0/25
 34225 | Snake:3  | Killed from afar by a shock serpent
 34226 | Snake:3  | Reached XP level 14. HP: -2/73 MP: 0/24
 34348 | Swamp:1  | Entered Level 1 of the Swamp
 35498 | Swamp:2  | Noticed a thorn hunter
 35505 | Swamp:2  | Killed a thorn hunter
 36052 | Swamp:2  | Got a fine jade ring
 36360 | Swamp:2  | Identified the ring "Luloihut" {+Fly rElec rC+++ MR- Slay+6} (You found it on level 2 of the Swamp)
 37022 | Swamp:3  | Reached XP level 15. HP: 78/78 MP: 25/25
 37845 | Swamp:4  | Entered Level 4 of the Swamp
 37919 | Swamp:4  | Noticed a thorn hunter
 37981 | Swamp:4  | Noticed a thorn hunter
 37990 | Swamp:4  | Killed a thorn hunter
 37995 | Swamp:4  | Killed a thorn hunter
 38004 | Swamp:4  | Noticed a thorn hunter
 38007 | Swamp:4  | Noticed a thorn hunter
 38358 | Swamp:4  | Killed a thorn hunter
 38608 | Swamp:4  | Killed a thorn hunter
 39877 | Swamp:4  | Slain by a six-headed hydra

Vault maps used:
D:1:      lightli_arrival_statue_moat, hex_tiny
D:2:      old_standard_altar, kennysheep_slug_shrine, minmay_fountain_box
D:4:      overflow_temple_1_default, nicolae_dithmenos_shadow_blocks,
          kennysheep_little_box, first_bread
D:5:      tso_altar
D:6:      eat_drink_and_be_merry_uskayaw, lemuel_coloured_pillars_altar,
          serial_shops, nicolae_shop_trees, nicolae_shop_trees,
          nicolae_shop_waterfront, nicolae_shop_crystal,
          hangedman_abyss_or_decor_stabs, hangedman_decor_diamond_cutter,
          uniq_pikel
D:7:      minmay_misc_feat_ornament
D:8:      grunt_ogre_cave
D:9:      erik_lair_orcish_takeover, serial_shops, shop, shop, shop,
          minmay_splitting_lines
D:10:     serial_shops, nicolae_shop_statue_plus, nicolae_two_hexagons,
          uniq_urug
D:11:     serial_shops, nicolae_shop_trees
D:12:     orc_0_dummy
D:13:     grunt_vaults_entry_fortified, lightli_minifort
D:14:     serial_shops, bzr_firewalk, nicolae_shop_window_shopping, shop,
          kennysheep_mini_moat, kennysheep_mini, serial_park_square3
D:15:     grunt_enter_depths_snipers, nicolae_trove_entry_diagonal,
          minivault_28, uniq_louise
Lair:1:   st_stairs_9, uniq_joseph
Lair:2:   lemuel_fruit_tree
Lair:3:   lemuel_slime, swamp_mist, minmay_snake_entry_guardpost_small,
          grunt_megastairs_3
Lair:4:   beast_lair_carwin_large_2, guppyfry_lair_drakes, grunt_megastairs_5,
          uniq_snorg
Lair:6:   hangedman_lair_tendril_chambers, guppyfry_lair_end_dragon,
          slime_dummy, lab_entry_generic
Swamp:1:  evilmike_swamp_ruin_house_2, infiniplex_staircase_pool
Swamp:2:  evilmike_swamp_ruin_rubble_2
Swamp:3:  evilmike_swamp_ruin_house_3, swamp_pool1
Swamp:4:  swamp_basic_johnstein, infiniplex_staircase_pool_2
Snake:1:  minmay_shop_grove, grunt_megastairs_2
Orc:1:    nicolae_orc_sculptors_studio, uniq_josephine
Orc:2:    st_orc_ogre_mass, mines2_david
Lab:      nicolae_lab_statue, nicolae_lab_plus
Bazaar:   bazaar_jpeg_oval

Skill      XL: |  1  2  3  4  5  6  7  8  9 10 11 12 13 14 15 16 |
---------------+-------------------------------------------------+-----
Stealth        | 1 2 4 5 6 7 10 11 12 13 14 15 | 15.7
Fighting       | 4 5 6 8 9 10 11 12 13 16 15 | 16.3
Dodging        | 5 6 8 10 11 12 13 16 15 | 16.6
Unarmed Combat | 4 5 8 7 9 10 11 12 14 16 | 16.5
Evocations     | 1 2 3 4 8 7 9 10 13 12 | 13.6

Action                   |  1- 3 |  4- 6 |  7- 9 | 10-12 | 13-15 | 16-18 || total
-------------------------+-------+-------+-------+-------+-------+-------++-------
Melee: Unarmed           |   108 |   136 |   376 |   595 |  1696 |   100 ||  3011
       Bite              |     9 |    15 |    46 |    93 |   265 |    16 ||   444
       Punch             |     2 |       |    17 |    38 |   148 |    11 ||   216
Invok: Berserk           |       |     5 |    19 |    23 |    54 |     2 ||   103
       Trog's Hand       |       |     1 |     2 |     2 |     4 |     1 ||    10
       Brothers in Arms  |       |       |     1 |     3 |     7 |     2 ||    13
 Abil: Evoke Flight      |       |       |       |       |     2 |       ||     2
Evoke: Wand              |       |       |     2 |     7 |    71 |     1 ||    81
  Use: Scroll            |       |    15 |    11 |    17 |    15 |     2 ||    60
       Potion            |       |       |     1 |     6 |    15 |       ||    22
 Stab: Sleeping          |    10 |     9 |    25 |    52 |    86 |     2 ||   184
       Distracted        |     1 |       |     7 |     6 |    25 |       ||    39
       Confused          |       |       |       |     4 |    14 |       ||    18
  Eat: Chunk             |     9 |     9 |    38 |    44 |   103 |       ||   203
       Pizza             |       |       |       |       |     1 |       ||     1
Armor: Skin              |     3 |     2 |    11 |    16 |    29 |       ||    61
Dodge: Dodged            |    64 |    94 |   275 |   551 |  1696 |    76 ||  2756
